puck, lawful female human Valkyrie ----------- ---------------- |..........# |..............| |.........|################### |..............| |.........|# --------# |...........^..| ##..........|# #-.......############-.....%........| # |..........#########|......|# --.-----|------- ### ----------- |.....g|# ######### # |.....@|# # # |......|# #[# # --------# `###[## # ------# # -|--.-.--- |....|# ####`###### |[...)...| |((...# # -|---------- |......%.| |....| ### |..........| |........| |.....########` # |..........| ---------- ------ ###|..........| #......>....| ------------ puck the Woman-at-arms Experience level: 10 Strength: 16 Dexterity: 16 Constitution: 18 Intelligence: 7 Wisdom: 9 Charisma: 9 Health: 0(70) Energy: 16(16) Def: 11 Gold: 356 Moves: 10313 Dungeon seed: KrttW5IG7QSekD3o Game ID: puck_1559509115 Your Inventory: Coins $ - 356 gold pieces Weapons A - 2 uncursed +0 elven daggers M - a blessed +0 dagger (weapon in hand) N - 4 uncursed +0 orcish daggers S - the blessed rustproof +1 Excalibur (alternate weapon; not wielded) U - 5 uncursed +0 daggers (in quiver) Armor e - an uncursed +3 small shield (being worn) n - an uncursed +0 pair of elven boots (being worn) q - an uncursed +0 elven mithril-coat (being worn) r - an uncursed rusty +0 dwarvish iron helm (being worn) T - an uncursed +0 dwarvish cloak (being worn) Comestibles w - 9 uncursed lumps of royal jelly C - an uncursed tripe ration G - an uncursed clove of garlic J - an uncursed male lizard corpse K - an uncursed female lizard corpse L - 2 uncursed food rations Scrolls v - an uncursed scroll of earth Wands d - a cursed wand of digging (0:2) i - an uncursed wand of lightning (0:3) m - an uncursed wand of cold (0:3) s - an uncursed wand of summoning (0:4) u - an uncursed wand of nothing (0:5) y - an uncursed wand of polymorph (0:3) F - an uncursed wand of magic missile (0:3) I - an uncursed wand of probing (0:2) Q - an uncursed wand of striking (0:4) Tools a - an uncursed bag of holding H - an uncursed +0 unicorn horn X - an uncursed blindfold Contents of the bag of holding: 4147 gold pieces a cursed +0 mummy wrapping 6 uncursed food rations an uncursed lembas wafer an uncursed tripe ration 2 uncursed potions of confusion an uncursed potion of gain ability an uncursed potion of healing an uncursed potion of monster detection a blessed potion of object detection an uncursed potion of restore ability 2 uncursed scrolls of amnesia an uncursed scroll of blank paper an uncursed scroll of confuse monster an uncursed scroll of remove curse a cursed scroll of summoning 2 uncursed scrolls of teleportation an uncursed ring of cold immunity an uncursed ring of poison immunity an uncursed ring of warning an uncursed wand of digging (0:8) an uncursed wand of digging (0:7) an uncursed wand of digging (0:5) an uncursed mirror an uncursed oil lamp (0:1307) Spells and supernatural/magical abilities: Name Level Category Cost Memory W - pray for help -- divine ? -- Your skills at the end: Fighting Skills wands [Basic] Weapon Skills dagger [Skilled] long sword [Expert] Spellcasting Skills Final Attributes: You were piously aligned. You were immune to cold. You were poison resistant. You were telepathic. You were stealthy. You were fast. You last prayed 213 turns ago. Tyr was noncommittal. You are dead. Vanquished creatures: a queen bee 2 giant mimics a long worm a stalker a giant zombie 2 small mimics an ettin mummy a quantum mechanic a wood golem a gelatinous cube a flaming sphere 2 tigers a human mummy a python 2 wraiths a chameleon a crocodile 4 giant beetles a winter wolf cub a panther 5 leprechauns an iron piercer a scorpion a horse 3 gnome kings 2 orc mummies an ogre a rust monster an owlbear a yeti 2 lizards a blue jelly a black unicorn 2 ravens 2 plains centaurs a snake a human zombie a rope golem 3 Woodland-elves 4 fire ants 16 bugbears 2 quasits a water nymph a mountain nymph 4 Mordor orcs an orc shaman 2 rock piercers a rock mole 2 ponies a fog cloud a shrieker 4 violet fungi 9 gnome lords a gnomish wizard a red naga hatchling a golden naga hatchling a gray ooze a ghoul 2 straw golems a paper golem a baby crocodile 3 giant ants 3 floating eyes 2 kittens 2 dwarves 3 homunculi 5 kobold lords 4 kobold shamans 23 hill orcs 3 rothes 2 centipedes a giant bat 9 orc zombies a dwarf zombie 3 wererats 4 werejackals 3 iguanas 31 killer bees 2 acid blobs a gas spore a hobbit 3 manes a large kobold 21 hobgoblins 2 giant rats a brown mold 2 yellow molds 2 green molds a red mold 9 gnomes 12 garter snakes a gnome zombie 2 geckos 19 jackals 6 foxes 3 kobolds 3 goblins 4 sewer rats 13 grid bugs 2 lichens a kobold zombie 19 newts 349 creatures vanquished. Genocided species: elf mummies 0 species genocided by you, 1 by monsters Voluntary challenges: You used a wielded weapon 596 times, starting on turn 42. You read items or engraved 1 time, starting on turn 9579. You never genocided any monsters. You never polymorphed an object. You never changed form. You used no wishes. You never split a pudding. You never wrote Elbereth's name. You never violated your personal moral code. Dungeon overview: The Dungeons of Doom: levels 1 to 16 Level 1 a fountain, a sink a long staircase Level 2 Level 3 Level 4 some fountains Level 5 Level 6 a general store, an altar to Loki, a fountain, a vault stairs to Sokoban Level 7 Level 8 a sink Level 9 Level 10 a vault Level 11 a sink Level 12 a vault Level 13 a fountain, a sink, a vault Level 14 some fountains, a vault Level 15 Level 16 <- You were here a fountain Sokoban: levels 2 to 5 Level 2 Solved Level 3 Solved Level 4 Solved Level 5 Solved stairs to The Dungeons of Doom History has recorded: On T:1 you entered the Dungeons of Doom to retrieve the Amulet of Yendor! On T:207 you reached level 2 of The Dungeons of Doom. On T:228 you reached level 3 of The Dungeons of Doom. On T:298 you reached level 4 of The Dungeons of Doom. On T:391 you reached level 5 of The Dungeons of Doom. On T:417 you advanced to experience level 2. On T:442 you reached level 6 of The Dungeons of Doom. On T:499 you advanced to experience level 3. On T:516 you advanced to experience level 4. On T:1234 you reached level 4 of Sokoban. On T:1550 you advanced to experience level 5. On T:1779 you reached level 3 of Sokoban. On T:2920 you reached level 2 of Sokoban. On T:3346 you reached level 1 of Sokoban. On T:3388 you advanced to experience level 6. On T:5153 you reached level 7 of The Dungeons of Doom. On T:5262 you advanced to experience level 7. On T:5680 you reached level 8 of The Dungeons of Doom. On T:6474 you reached level 9 of The Dungeons of Doom. On T:6994 you reached level 10 of The Dungeons of Doom. On T:7207 you advanced to experience level 8. On T:7905 you reached level 11 of The Dungeons of Doom. On T:8269 you let a hill orc genocide elf mummies. On T:8285 you advanced to experience level 9. On T:8442 you reached level 12 of The Dungeons of Doom. On T:8777 you reached level 13 of The Dungeons of Doom. On T:9066 you reached level 14 of The Dungeons of Doom. On T:9410 you reached level 15 of The Dungeons of Doom. On T:9886 you reached level 16 of The Dungeons of Doom. On T:10125 you advanced to experience level 10. Score breakdown: Gold: 4503 (12428 points) Experience: 10 levels (16712 points) Exploration: 16 levels ( 32.00%) (16598 points) Discoveries: 12 items ( 4.80%) ( 6572 points) Valuables value: (no points given unless you survive) Artifact value: 4000 (12253 points) Variety of kills: 102 monsters ( 26.84%) (15542 points) Turncount: 10313 turns (-2424 points) Survival: died (score multiplied by 80%) Total score: 62144 Latest messages: To break wands, use the 'invoke' command (typically on 'V'). The winged gargoyle hits! (2x) The winged gargoyle bites! The winged gargoyle hits! (2x) The winged gargoyle bites! Health restored. You stop searching. [79 turns] The winged gargoyle hits! (2x) The winged gargoyle bites! Health restored. You stop searching. [40 turns] The winged gargoyle hits! The winged gargoyle just misses! The winged gargoyle bites! The carafe crashes on the winged gargoyle's head and breaks into shards. The potion of paralysis evaporates. Something seems to be holding you. The winged gargoyle hits! (2x) The winged gargoyle bites! The winged gargoyle hits! (2x) The winged gargoyle bites! You die... Final status: Farvel puck the Valkyrie, killed by a winged gargoyle, while frozen by potion vapours... You died in The Dungeons of Doom on dungeon level 16 with 62144 points, and 4503 pieces of gold, after 10313 moves. You were level 10 with a maximum of 70 hit points when you died.